 Dungeon Crawl Stone Soup version 0.28.0-45-g0d030f2227 (webtiles) character file.

Game seed: 4470107774144391534

171 Hrothgar the Bolt Thrower (level 5, 0/1 (58) HPs)
             Began as a Human Hunter on Apr 19, 2022.
             Was a Believer of Dithmenos.
             Slain by Edmund
             ... wielding a +1 dire flail of protection
              (1 damage)
             ... on level 4 of the Dungeon.
             The game lasted 00:19:09 (2642 turns).

Hrothgar the Bolt Thrower (Human Hunter)            Turns: 2642, Time: 00:19:10

HP:   0/1 (58)      AC: 22    Str: 12    XL:     5   Next: 81%
MP:   5/5           EV:  2    Int: 12    God:    Dithmenos [**....]
Gold: 134           SH:  0    Dex: 15    Spells: 0/5 levels left

rFire   + . .      SeeInvis .   b - +0 short sword
rCold   . . .      Faith    .   (no shield)
rNeg    . . .      Spirit   .   (armour currently unavailable)
rPois   +          Reflect  .   (helmet currently unavailable)
rElec   .          Harm     .   (cloak currently unavailable)
rCorr   .          Rampage  .   (gloves currently unavailable)
Will    .....      NoTele   +   (boots currently unavailable)
Stlth   ++........              (no amulet)
HPRegen 0.01/turn               h - ring of protection from fire
MPRegen 0.09/turn               (no ring)

@: tree-form, wreathed by umbra, extremely drained, very slow
A: stationary, stasis, torment immunity, boosted hp, (talons 1)
a: Renounce Religion, Shadow Step


You were on level 4 of the Dungeon.
You worshipped Dithmenos.
Dithmenos was pleased with you.
You were a tree.
You visited 1 branch of the dungeon, and saw 4 of its levels.

You collected 134 gold pieces.

Inventory:

Hand Weapons
 a - a +1 hand crossbow
 b - a +0 short sword (weapon)
Missiles
 d - 25 bolts
Armour
 c - a +0 leather armour (melded)
Jewellery
 h - a ring of protection from fire (left branch)
Wands
 j - a wand of digging (3)
Potions
 f - a potion of lignification
 i - a potion of brilliance {unknown}


   Skills:
 * Level 2.6 Fighting
 * Level 0.9 Short Blades
 * Level 5.3 Crossbows
 * Level 1.1 Armour
 * Level 2.4 Dodging
 * Level 1.9 Stealth
 * Level 0.5 Spellcasting
 * Level 0.5 Ice Magic
 * Level 0.7 Invocations


You couldn't memorise any spells.
You knew the following spells:

 Your Spells              Type           Power      Damage    Failure   Level
a - Ozocubu's Armour      Ice            1%         N/A       61%         3
b - Static Discharge      Conj/Air       0%         N/A       43%         2

Your spell library contained the following spells:

 Spells                   Type           Power      Damage    Failure   Level
 Beastly Appendage        Tmut           0%         N/A       32%         1
 Wereblood                Tmut           0%         N/A       43%         2
 Spider Form              Tmut/Pois      0%         N/A       67%         3
 Dispel Undead            Necr           0%         3d6       97%         4
 Sticky Flame             Conj/Fire      0%         2d3       97%         4
 Ozocubu's Refrigeration  Ice            0%         4d5       100%        7


Dungeon Overview and Level Annotations

Branches:
Dungeon (4/15)
 Temple: D:4-7

Altars:
Dithmenos
Ru
Zin

Annotations:
D:4 Edmund


Innate Abilities, Weirdness & Mutations

You are a tree.
Your roots penetrate the ground, keeping you stationary.
You cannot be teleported.
You are immune to unholy pain and torment.
Your maximum health is greatly increased.
Your equipment is partially melded.
((You have sharp toenails.))


Message History

Edmund hits you with a +1 dire flail of protection.
You barely miss Edmund.
Edmund is moderately wounded.
You feel drained.
The orc priest calls down the wrath of Beogh upon you.
Beogh smites you!
Ouch! That really hurt!
Edmund hits you but does no damage.
The orc priest looks encouraged for a moment.
You feel better.
You feel drained. Edmund hits you but does no damage.
You closely miss Edmund.
Edmund is moderately wounded.
You feel drained.
Edmund hits you with a +1 dire flail of protection.
You closely miss Edmund. Your punch misses Edmund.
Edmund is moderately wounded.
You feel drained. Edmund hits you but does no damage.
You barely miss Edmund.
Edmund is moderately wounded.
You feel drained. Edmund hits you but does no damage.
You hit Edmund but do no damage.
Edmund is moderately wounded.
You feel drained.
Edmund hits you with a +1 dire flail of protection.
You hit Edmund.
Edmund is moderately wounded.
You feel drained. Edmund hits you but does no damage.
You hit Edmund but do no damage.
Edmund is moderately wounded.
You feel drained. Edmund barely misses you.
You feel better.
You feel drained. Edmund hits you but does no damage.
You hit Edmund but do no damage.
Edmund is moderately wounded.
You feel drained. Edmund hits you but does no damage.
You hit Edmund.
Edmund is moderately wounded.
You feel drained.
Edmund hits you with a +1 dire flail of protection.
Ouch! That really hurt!
You die...

#<.......'........ ...
#.#...####.#########.#
#.##.## ##..≈≈≈≈≈..#
#.#### #.≈.....≈.# #.#
#.≈.≈≈≈.≈.# #.#
#.≈≈...≈≈.# #.#
#.≈≈._.≈≈.# #.#
#.≈≈...≈≈.#
#.≈.≈♣≈)≈.#
#.≈...@o≈.#
#..≈≈≈≈≈oo##
<..#########.# #..
..ooo......# ##
#.##########


You could see Edmund, an orc priest and 2 orcs.

Vanquished Creatures
  An orc priest (D:3)
  An orc wizard (D:3)
  Ijyb (D:3)
  An adder (D:2)
  3 worms (D:2)
  A dart slug (D:2)
  8 orcs (D:3)
  6 ball pythons
  5 endoplasms
  7 goblins
  5 hobgoblins
  3 jackals (D:3)
  4 kobolds
  2 quokkas
  3 bats
  2 frilled lizards
  6 rats
59 creatures vanquished.

Vanquished Creatures (collateral kills)
  An endoplasm (D:1)
  2 goblins (D:1)
3 creatures vanquished.

Vanquished Creatures (others)
  An orc wizard (D:4)
1 creature vanquished.

Grand Total: 63 creatures vanquished

Notes
Turn   | Place    | Note
-------+----------+-------------------------------------------
     0 | D:1      | Hrothgar the Human Hunter began the quest for the Orb.
     0 | D:1      | Reached XP level 1. HP: 16/16 MP: 1/1
   198 | D:1      | Reached XP level 2. HP: 19/22 MP: 2/2
   325 | D:1      | Found a faded altar of an unknown god.
   337 | D:1      | Prayed at the altar of an unknown god.
   337 | D:1      | Became a worshipper of Dithmenos the Shadowed
   337 | D:1      | Reached * piety under Dithmenos
   568 | D:1      | Reached XP level 3. HP: 27/27 MP: 3/3
   804 | D:2      | Reached ** piety under Dithmenos
  1120 | D:2      | Reached XP level 4. HP: 34/34 MP: 4/4
  1461 | D:3      | Learned a level 3 spell: Ozocubu's Armour
  1652 | D:3      | Reached skill level 5 in Crossbows
  1652 | D:3      | Reached XP level 5. HP: 16/39 MP: 5/5
  1747 | D:3      | Gained mutation: You have sharp toenails. [potion of
                  | mutation]
  2319 | D:3      | Noticed Ijyb
  2335 | D:3      | Killed Ijyb
  2336 | D:3      | Reached skill level 1 in Armour
  2345 | D:3      | Found a sacrificial altar of Ru.
  2507 | D:3      | Learned a level 2 spell: Static Discharge
  2579 | D:4      | Found a glowing silver altar of Zin.
  2589 | D:4      | Noticed Edmund
  2642 | D:4      | Slain by Edmund

Illustrated notes

Levels and vault maps discovered:
D:1:      onia_arrival_handbag, layout_rooms,
          hellmonk_ecumenical_altar_prayer_group, minivault_25
D:2:      layout_loops_cross
D:3:      layout_basic, nicolae_ru_great_annihilating_truth,
          minmay_misc_feat_plants, kennysheep_generic_room_13, uniq_ijyb
D:4:      layout_loops_corners, mainiacjoe_overflow_paths, kennysheep_mini_moat,
          worldfamousw_hep_ancestral_shrine, minmay_misc_feat_four_crosses,
          uniq_crazy_yiuf_cottage, uniq_eustachio, uniq_edmund

Skill      XL: |  1  2  3  4  5 |
---------------+----------------+-----
Crossbows      | 5 |  5.3
Armour         | 1 |  1.1
Fighting       | |  2.6
Short Blades   | |  0.9
Dodging        | |  2.4
Stealth        | |  1.9
Spellcasting   | |  0.5
Ice Magic      | |  0.5
Invocations    | |  0.7

Action                   |  1- 3 |  4- 6 || total
-------------------------+-------+-------++-------
Melee: Short sword       |    20 |    59 ||    79
       Punch             |       |     1 ||     1
       Kick              |       |    10 ||    10
 Fire: Hand crossbow     |    58 |    58 ||   116
Invok: Shadow Step       |       |     1 ||     1
  Use: Scroll            |     4 |     2 ||     6
       Potion            |       |     6 ||     6
 Stab: Sleeping          |     1 |     2 ||     3
Armor: Leather armour    |     4 |     5 ||     9
       Skin              |       |    14 ||    14
Dodge: Dodged            |    24 |    31 ||    55
